 Dungeon Crawl Stone Soup version 0.27-a0-1144-g0b7d3b79db (webtiles) character file.

Game seed: 13044763977384518708

40395 robertstho the Severer (level 13, -12/109 (124) HPs)
             Began as a Minotaur Berserker on May 10, 2021.
             Was a High Priest of Trog.
             Mangled by an ettin simulacrum (20 damage)
             ... animated by a necromancer
             ... on level 15 of the Dungeon.
             The game lasted 00:18:05 (16671 turns).

robertstho the Severer (Minotaur Berserker)        Turns: 16671, Time: 00:18:06

HP:   -12/109 (124) AC: 19    Str: 36    XL:     13   Next: 74%
MP:   12/12         EV: 15    Int:  5    God:    Trog [*****.]
Gold: 395           SH:  5    Dex: 10    Spells: 12/12 levels left

rFire    + . .     SeeInvis .   A - +4 battleaxe "Iruhur" {speed, Str+6}
rCold    . . .     Faith    .   (shield currently unavailable)
rNeg     . . .     Spirit   .   F - +0 swamp dragon scales
rPois    +         Reflect  +   (helmet restricted)
rElec    +         Harm     .   u - +0 cloak {Stlth+}
rCorr    .         Rampage  .   y - +0 pair of gloves
Will     .....                  q - +0 pair of boots
Stlth    +.........             D - amulet of reflection
HPRegen  0.28/turn              i - +4 ring of protection
MPRegen  0.13/turn              v - ring "Tumutise" {Wiz Contam rElec rF+ Str+4}

@: on berserk cooldown, slowed, heavily drained, very slow
A: horns 2, retaliatory headbutt
a: Renounce Religion, Berserk, Trog's Hand, Brothers in Arms


You were on level 15 of the Dungeon.
You worshipped Trog.
Trog was extremely pleased with you.
You visited 1 branch of the dungeon, and saw 15 of its levels.
You also visited: Sewer.

You collected 970 gold pieces.
You spent 575 gold pieces at shops.

Inventory:

Hand Weapons
 z - a +4 battleaxe
 A - the +4 battleaxe "Iruhur" (weapon) {speed, Str+6}
   (You acquired it on level 11 of the Dungeon)

   Attacks with this weapon are significantly faster.
   It affects your strength (+6).
 M - a +3 antimagic executioner's axe
 Q - a +1 war axe of flaming
Missiles
 j - 6 throwing nets
 l - 2 curare-tipped darts
Armour
 n - a +0 chain mail
 q - a +0 pair of boots (worn)
 u - a +0 cloak of stealth (worn)
 y - a +0 pair of gloves (worn)
 F - +0 swamp dragon scales (worn)
 O - a +0 kite shield
Jewellery
 a - a ring of protection from cold
 i - a +4 ring of protection (left hand)
 v - the ring "Tumutise" (right hand) {Wiz Contam rElec rF+ Str+4}
   (You found it on level 4 of the Dungeon)

   [ring of wizardry]

   It improves your spell success rate.
   It affects your strength (+4).
   It protects you from fire.
   It insulates you from electricity.
   It causes magical contamination when unequipped.
 D - an amulet of reflection (around neck)
 J - a ring of positive energy
 S - a ring of ice
 W - a +4 ring of protection
Wands
 g - a wand of iceblast (17)
 B - a wand of mindburst (25)
 E - a wand of digging (3)
 H - a wand of acid (9)
 K - a wand of paralysis (18)
 Y - a wand of flame (21)
Scrolls
 e - 10 scrolls of teleportation
 f - a scroll of holy word {unknown}
 m - 4 scrolls of blinking
 o - 2 scrolls of brand weapon {unknown}
 s - 2 scrolls of summoning {unknown}
 t - 2 scrolls of vulnerability
 w - 4 scrolls of fear {unknown}
 G - a scroll of enchant armour
 L - a scroll of enchant weapon
 N - 2 scrolls of fog {unknown}
 R - a scroll of immolation
 T - a scroll of silence {unknown}
 U - 2 scrolls of acquirement
 V - 3 scrolls of identify
Potions
 b - 2 potions of cancellation
 c - 2 potions of might {unknown}
 d - 12 potions of curing
 h - 8 potions of heal wounds {unknown}
 k - 2 potions of mutation {unknown}
 p - 3 potions of haste {unknown}
 r - 5 potions of flight
 x - 3 potions of attraction {unknown}
 C - 2 potions of lignification {unknown}
 I - a potion of brilliance {unknown}
 P - 3 potions of degeneration {unknown}
Miscellaneous
 X - a box of beasts


   Skills:
 * Level 14.1 Fighting
 + Level 17.2 Axes
 * Level 12.6 Armour
 * Level 10.7 Dodging
 + Level 2.9 Shields
 + Level 0.4 Evocations


You had 12 spell levels left.
You didn't know any spells.
Your spell library was empty.

Dungeon Overview and Level Annotations

Branches:
Dungeon (15/15)            Temple (0/1) D:5            Lair (0/6) D:9
    Orc (0/2) D:11         Vaults (0/5) D:14          Sewer (visited)
 Depths: D:15

Altars:
Fedhas
Beogh

Shops:
D:1 =:   D:11 *[((?

Portals:
Trove: D:11 (give 12 potions of heal wounds)


Innate Abilities, Weirdness & Mutations

You have a pair of horns on your head.
You reflexively headbutt those who attack you in melee.


Message History

You are exhausted.
You feel yourself slow down.
A deep troll comes into view.
The necromancer hits you but does no damage.
You block the centaur warrior simulacrum's attack.
The centaur warrior simulacrum kicks you but does no damage.
The necromancer gestures at you while chanting.
The bolt of negative energy hits you!
You feel drained.
The centaur warrior simulacrum hits you but does no damage.
The centaur warrior simulacrum closely misses you.
Items here: $ ( ))) ? [ ††.
You closely miss the necromancer.
You barely miss the centaur warrior simulacrum.
You slice the ettin simulacrum!!
The centaur warrior simulacrum hits you but does no damage.
You block the centaur warrior simulacrum's attack.
The necromancer casts a spell at you. The bolt of negative energy hits you!!!
You feel drained.
You are too injured to fight recklessly!
Unknown command.
You are too injured to fight recklessly!
Unknown command.
You are too injured to fight recklessly!
Unknown command.
You are too injured to fight recklessly!
Unknown command.
The ettin simulacrum barely misses you. You furiously retaliate!
You headbutt the ettin simulacrum.
The ettin simulacrum hits you but does no damage.
The necromancer gestures at you while chanting.
The bolt of negative energy hits the centaur warrior simulacrum.
The centaur warrior simulacrum completely resists.
The bolt of negative energy hits you!!
You feel drained.
* * * LOW HITPOINT WARNING * * *
The centaur warrior simulacrum hits you but does no damage.
The centaur warrior simulacrum completely misses you.
The ettin simulacrum hits you!
* * * LOW HITPOINT WARNING * * *
The ettin simulacrum freezes you!!
You die...

.# ###.# .#
...# ... ...#
.. ...#
#.###..#
#.p...###.#
#ZZ.....#
##@.##### #..#
#))# #.)#
.######..######
...............
..#####..#####.
#..#####..
#........#


You could see a necromancer, a centaur warrior simulacrum and an ettin
simulacrum.

Vanquished Creatures
  An ettin (D:15)
  Fannar (D:11)
  A boulder beetle (D:11)
  A vault guard (D:11)
  An ogre mage (D:15)
  A hydra (D:12)
  Erica (D:9)
  6 two-headed ogres
  4 centaur warriors
  8 skeletal warriors
  A deep troll (D:15)
  A harpy (shapeshifter) (D:13)
  2 wizards (D:14)
  3 orc knights
  Pikel (D:7)
  5 ugly things
  An oklob plant (D:10)
  7 cyclopes
  Joseph (D:7)
  A gargoyle (D:10)
  An unseen horror (D:11)
  A freezing wraith (D:13)
  A komodo dragon (D:12)
  An efreet (D:15)
  Maggie (D:7)
  5 trolls
  A jumping spider (shapeshifter) (D:15)
  8 slime creatures
  2 shadows
  3 wyverns (D:9)
  4 yaks (D:10)
  3 wraiths
  A basilisk (D:9)
  16 humans (D:14)
  2 steam dragons
  A harpy simulacrum (D:14)
  An acid dragon (D:14)
  6 water moccasins
  An ice beast (D:5)
  6 black bears
  5 orc warriors
  4 ogres
  3 boggarts (D:15)
  8 centaurs
  A phantom (D:5)
  3 kobold brigands
  A bullfrog (D:6)
  2 gnoll sergeants
  3 scorpions
  2 water moccasin zombies
  8 killer bees
  17 wights
  2 howler monkeys
  A lava snake (D:7)
  4 centaur zombies
  2 bullfrog zombies
  A jelly (D:5)
  2 centaur skeletons (D:5)
  A hound (D:5)
  2 bullfrog skeletons
  3 orc priests
  Jessica (D:3)
  4 iguanas
  4 orc wizards
  14 gnolls
  8 adders
  9 river rats (Sewer)
  A white imp (D:7)
  4 ufetubi
  8 dart slugs
  A worm (D:4)
  45 orcs
  8 endoplasms
  8 goblins
  5 hobgoblins
  14 jackals
  26 kobolds
  2 quokkas
  9 ball pythons
  3 bats
  3 frilled lizards
  21 rats
386 creatures vanquished.

Vanquished Creatures (collateral kills)
  Harold (D:7)
  3 orc warriors (D:9)
  A necrophage (D:7)
  An ice beast (D:7)
  An ogre (D:9)
  A centaur (D:12)
  A centaur zombie (D:7)
  An orc priest (D:9)
  An iguana (D:7)
  20 orcs (D:9)
31 creatures vanquished.

Vanquished Creatures (others)
  A white imp (D:7)
  A fungus (D:9)
  96 plants
98 creatures vanquished.

Grand Total: 515 creatures vanquished

Notes
Turn   | Place    | Note
-------+----------+-------------------------------------------
     0 | D:1      | robertstho the Minotaur Berserker began the quest for the
                  | Orb.
     0 | D:1      | Reached XP level 1. HP: 19/19 MP: 0/0
    38 | D:1      | Found Sopt's Jewellery Boutique.
    52 | D:1      | Found Jaxzerea's Book Shop.
   279 | D:1      | Reached XP level 2. HP: 22/27 MP: 1/1
   432 | D:1      | Reached skill level 4 in Axes
   842 | D:1      | Reached XP level 3. HP: 32/33 MP: 2/2
  1296 | D:1      | Found a faded altar of an unknown god.
  1557 | D:2      | Reached ** piety under Trog
  2171 | D:3      | Reached XP level 4. HP: 33/41 MP: 3/3
  2353 | D:3      | Noticed Jessica
  2358 | D:3      | Killed Jessica
  2566 | D:3      | Reached XP level 5. HP: 45/47 MP: 4/4
  2798 | D:3      | Reached skill level 5 in Fighting
  3391 | D:4      | Reached skill level 5 in Axes
  3413 | D:4      | Reached XP level 6. HP: 22/56 MP: 5/5
  3499 | D:4      | Found a glowing drain.
  3528 | Sewer    | Entered a sewer
  3692 | Sewer    | Reached *** piety under Trog
  3825 | Sewer    | Reached skill level 5 in Armour
  3951 | Sewer    | Reached XP level 7. HP: 61/61 MP: 6/6
  4363 | D:4      | Reached **** piety under Trog
  4759 | D:4      | Identified the ring "Tumutise" {Wiz Contam rElec rF+ Str+4}
  4992 | D:5      | Entered Level 5 of the Dungeon
  5005 | D:5      | Reached skill level 6 in Axes
  5140 | D:5      | Reached skill level 7 in Axes
  5142 | D:5      | Reached XP level 8. HP: 59/71 MP: 7/7
  5492 | D:5      | Found a staircase to the Ecumenical Temple.
  5806 | D:6      | Reached skill level 5 in Dodging
  6063 | D:6      | Reached skill level 8 in Axes
  6307 | D:6      | Reached ***** piety under Trog
  6906 | D:7      | Noticed Maggie
  6916 | D:7      | Killed Maggie
  6917 | D:7      | Reached skill level 9 in Axes
  6917 | D:7      | Reached XP level 9. HP: 79/79 MP: 8/8
  7052 | D:7      | Noticed Pikel
  7055 | D:7      | Noticed Joseph
  7056 | D:7      | Killed Pikel
  7056 | D:7      | Received a gift from Trog
  7060 | D:7      | Noticed Harold
  7069 | D:7      | Killed Joseph
  7069 | D:7      | Killed Harold
  7070 | D:7      | Reached skill level 10 in Axes
  7317 | D:7      | Reached XP level 10. HP: 89/90 MP: 9/9
  7578 | D:7      | Reached skill level 11 in Axes
  7699 | D:8      | Noticed a two-headed ogre
  7705 | D:8      | Killed a two-headed ogre
  8447 | D:9      | Noticed Erica
  8455 | D:9      | Killed Erica
  8455 | D:9      | Received a gift from Trog
  8456 | D:9      | Reached skill level 10 in Fighting
  8456 | D:9      | Reached skill level 12 in Axes
  8610 | D:9      | Noticed a two-headed ogre
  8611 | D:9      | Reached skill level 10 in Armour
  8613 | D:9      | Found a staircase to the Lair.
  8621 | D:9      | Killed a two-headed ogre
  8622 | D:9      | Reached XP level 11. HP: 47/101 MP: 3/10
  9450 | D:9      | Identified the -2 pair of boots of Ornamental Brilliance
                  | {Contam Fly rCorr Str+3}
  9474 | D:10     | Entered Level 10 of the Dungeon
  9479 | D:10     | Reached skill level 13 in Axes
 10484 | D:10     | Found a blossoming altar of Fedhas.
 10530 | D:10     | Noticed an oklob plant
 10540 | D:10     | Killed an oklob plant
 11047 | D:11     | Found Zyjelur's Assorted Antiques.
 11050 | D:11     | Bought a golden potion for 24 gold pieces
 11050 | D:11     | Bought a fizzy clear potion for 24 gold pieces
 11050 | D:11     | Bought a golden potion for 24 gold pieces
 11050 | D:11     | Bought a scroll labelled YTAVOKKUMM for 27 gold pieces
 11050 | D:11     | Bought a fizzy black potion for 24 gold pieces
 11050 | D:11     | Bought a scroll of identify for 54 gold pieces
 11050 | D:11     | Identified a scroll of acquirement
 11051 | D:11     | Acquired the +4 battleaxe "Iruhur" {speed, Str+6}
 11147 | D:11     | Found Uzosoow's Antique Armour Shoppe.
 11161 | D:11     | Found Naik's Weapon Shoppe.
 11177 | D:11     | Noticed an orc knight
 11178 | D:11     | Found Cihoropt's Weapon Shop.
 11185 | D:11     | Found a staircase to the Orcish Mines.
 11192 | D:11     | Killed an orc knight
 11249 | D:11     | Bought a +1 war axe of flaming for 159 gold pieces
 11340 | D:11     | Noticed a vault guard
 11346 | D:11     | Killed a vault guard
 11346 | D:11     | Received a gift from Trog
 11403 | D:11     | Found a portal to a secret trove of treasure.
 11422 | D:11     | Found Caitimos's Magic Scroll Emporium.
 11430 | D:11     | Bought a scroll of enchant weapon for 97 gold pieces
 11430 | D:11     | Bought a scroll of immolation for 45 gold pieces
 11430 | D:11     | Bought a scroll of blinking for 97 gold pieces
 11542 | D:11     | Noticed a boulder beetle
 11562 | D:11     | Killed a boulder beetle
 11563 | D:11     | Reached skill level 14 in Axes
 11669 | D:11     | Found a flagged portal.
 11782 | D:11     | Noticed Fannar
 11794 | D:11     | Killed Fannar
 12039 | D:11     | Reached XP level 12. HP: 100/111 MP: 11/11
 12418 | D:12     | Noticed a two-headed ogre
 12425 | D:12     | Noticed a centaur warrior
 12428 | D:12     | Killed a two-headed ogre
 12435 | D:12     | Killed a centaur warrior
 12436 | D:12     | Reached skill level 1 in Shields
 12776 | D:12     | Reached skill level 15 in Axes
 13351 | D:12     | Noticed a four-headed hydra
 13359 | D:12     | Killed a one-headed hydra
 14994 | D:14     | Found a gate to the Vaults.
 14994 | D:14     | Noticed a two-headed ogre
 14994 | D:14     | Noticed a centaur warrior
 15000 | D:14     | Killed a centaur warrior
 15001 | D:14     | Reached skill level 10 in Dodging
 15004 | D:14     | Killed a two-headed ogre
 15005 | D:14     | Reached skill level 16 in Axes
 15005 | D:14     | Reached XP level 13. HP: 119/119 MP: 12/12
 15819 | D:15     | Entered Level 15 of the Dungeon
 16280 | D:15     | Received a gift from Trog
 16648 | D:15     | Reached skill level 17 in Axes
 16661 | D:15     | Noticed an ettin
 16668 | D:15     | Killed an ettin
 16671 | D:15     | Mangled by an ettin simulacrum

Illustrated notes

Levels and vault maps discovered:
D:1:      lightli_arrival_maybe_door_vault, layout_loops_corners,
          shapermc_ecumenical_altar_hornbeckon, serial_shops, shop, shop
D:2:      layout_loops_cross, serial_forest, infiniplex_forest_lined_corner,
          infiniplex_forest_clump_diagonal, infiniplex_forest_clump_double,
          infiniplex_forest_clump_long, infiniplex_forest_clump_diagonal,
          infiniplex_forest_clump_small, infiniplex_forest_straight_4
D:3:      corexii_shack_village, layout_loops_ring, minmay_tree_intersection,
          minivault_23, kennysheep_another_room, uniq_jessica
D:4:      layout_gridville, gup_sewer_entry_glass, kennysheep_generic_room_9
D:5:      layout_rooms, temple_hall, grunt_ministairs_9,
          chequers_serial_rivers_small_b
D:6:      layout_loops_ring, kennysheep_crisscross, hangedman_decor_push,
          eino_tiny_chamber, chequers_arboretum, st_stairs_6, minmay_between
D:7:      layout_cave_pools, kennysheep_opposing_triangles, uniq_maggie,
          uniq_joseph, uniq_harold, uniq_pikel
D:8:      layout_rooms, chequers_decorated_corner, lemuel_flamethrower_2
D:9:      layout_roguey [special_room_orc], minmay_lair_entry_grove,
          chequers_garden, uniq_erica
D:10:     layout_stronghold, tgw_fedhas, kennysheep_generic_room_7
D:11:     layout_small_grid, orc_david_3, enter_trove_5, serial_shops, shop,
          kennysheep_mini_moat, nicolae_shop_trees, nicolae_shop_statue_plus,
          enter_bailey_6, minmay_sticks_and_stones, uniq_fannar
D:12:     layout_cave_pods
D:13:     layout_layer_cave
D:14:     layout_long_grid, david_vaults_3
D:15:     hangedman_depths_entry_civil_slaughter, layout_loops_ring,
          nrook_mini_backslash, grunt_ministairs_5, evilmike_butchery

Skill      XL: |  1  2  3  4  5  6  7  8  9 10 11 12 13 |
---------------+----------------------------------------+-----
Fighting       | 4 5 6 7 8 10 11 12 14 | 14.1
Axes           | 4 5 7 9 10 12 14 16 17 | 17.2
Armour         | 3 4 5 6 8 9 10 11 12 | 12.6
Dodging        | 3 4 5 6 8 9 10 | 10.7
Shields        | 2 |  2.9
Evocations     | |  0.4

Action                   |  1- 3 |  4- 6 |  7- 9 | 10-12 | 13-15 || total
-------------------------+-------+-------+-------+-------+-------++-------
Melee: Hand axe          |    93 |    55 |       |       |       ||   148
       Headbutt          |    12 |    29 |    36 |    85 |    31 ||   193
       War axe           |       |    84 |   126 |     4 |       ||   214
       Battleaxe         |       |       |    54 |   224 |   132 ||   410
       Executioner's axe |       |       |       |    82 |       ||    82
Invok: Berserk           |       |     5 |     6 |    11 |     3 ||    25
       Brothers in Arms  |       |       |     1 |     2 |       ||     3
       Trog's Hand       |       |       |       |     1 |     1 ||     2
Evoke: Wand              |       |     2 |       |       |       ||     2
  Use: Scroll            |     1 |     3 |     3 |     7 |       ||    14
       Potion            |       |       |       |     3 |       ||     3
 Stab: Sleeping          |     1 |       |       |     2 |       ||     3
       Invisible         |       |       |       |     1 |       ||     1
Armor: Animal skin       |     5 |       |       |       |       ||     5
       Ring mail         |    18 |    25 |       |       |       ||    43
       Chain mail        |       |    59 |   103 |       |       ||   162
       Swamp dragon scal |       |       |    18 |   170 |    29 ||   217
Dodge: Dodged            |    55 |    85 |    94 |   247 |    37 ||   518
Block: Other             |       |       |       |    26 |    14 ||    40
       Reflection        |       |       |       |     7 |     2 ||     9

Table legend: (Time is in decaauts)
 A = Elapsed time spent in this place.
 B = Non-inter-level travel time spent in this place.
 C = Inter-level travel time spent in this place.
 D = Time resting spent in this place.
 E = Time spent auto-exploring this place.
 F = Levels seen in this place.
 G = Mean time per level.
                   A        B        C        D        E       F      G
               +--------+--------+--------+--------+--------+-----+--------+
         Total |  16924 |  16223 |    701 |   1272 |  12872 |  16 | 1057.8 |
       Dungeon |  16188 |  15487 |    701 |   1119 |  12459 |  15 | 1079.2 |
         Sewer |    736 |    736 |      0 |    153 |    412 |   1 |  736.0 |
               +--------+--------+--------+--------+--------+-----+--------+

Top non-repeatable levels by time:
    D:10: 1579 daAuts
    D:13: 1483 daAuts
     D:1: 1419 daAuts
    D:11: 1249 daAuts
    D:12: 1228 daAuts
     D:9: 1228 daAuts
     D:6: 1161 daAuts
     D:4: 1139 daAuts
     D:3: 1104 daAuts
    D:14: 1104 daAuts
     D:5: 809 daAuts
     D:7: 778 daAuts
   Sewer: 736 daAuts
     D:2: 691 daAuts
     D:8: 669 daAuts
